 Dungeon Crawl Stone Soup version 0.22-a0-126-g307c7c3 (webtiles) character file.

135 ryw the Insei (level 5, 0/33 HPs)
             Began as an Octopode Transmuter on Jan 30, 2018.
             Slain by a goblin
             ... wielding a +0 club
             ... led by Robin
              (6 damage)
             ... on level 3 of the Dungeon.
             The game lasted 00:07:11 (3333 turns).

ryw the Insei (Octopode Transmuter)                 Turns: 3333, Time: 00:07:11

Health: 0/33       AC:  1    Str:  9    XL:     5   Next: 18%
Magic:  8/8        EV: 13    Int: 15    God:
Gold:   134        SH:  0    Dex: 14    Spells: 1/8 levels left

rFire    . . .     SeeInvis .     - Unarmed
rCold    . . .     Gourm    .   (no shield)
rNeg     . . .     Faith    .   (helmet restricted)
rPois    .         Spirit   .   (no amulet)
rElec    .         Reflect  .   (no ring)
rCorr    .         Harm     .   (no ring)
MR       .....                  (no ring)
Stlth    ++........             (no ring)
HPRegen  0.11/turn              (no ring)
MPRegen  0.11/turn              (no ring)
                                (no ring)
                                (no ring)

@: appendage (expiring)
A: almost no armour, stealthy swim, amphibious, 8 rings, constrict 8, tentacle
spike 3, camouflage 1, gelatinous body 1
a: End Transformation


You were on level 3 of the Dungeon.
You were not hungry.
One of your tentacles had a temporary spike.
You visited 1 branch of the dungeon, and saw 3 of its levels.

You collected 134 gold pieces.

Inventory:

Missiles
 a - 12 arrows
 i - 96 stones (quivered)
 o - 3 tomahawks
Wands
 p - a wand of random effects (27)
Scrolls
 d - 7 scrolls of identify {unknown}
 f - 3 scrolls of amnesia {unknown}
 g - a scroll of remove curse {unknown}
 h - a scroll of blinking {unknown}
 n - 2 scrolls of fog {unknown}
 q - a scroll of enchant weapon {unknown}
Potions
 e - 2 potions of brilliance {unknown}
 k - a potion of mutation {unknown}
 l - 2 potions of agility {unknown}
 m - a potion of heal wounds {unknown}
Books
 b - a book of Changes

   Spells                             Type                      Level
   a - Beastly Appendage              Transmutation                1
   b - Sticks to Snakes               Transmutation                2
   c - Spider Form                    Transmutation/Poison         3
   d - Ice Form                       Ice/Transmutation            4
   e - Blade Hands                    Transmutation                5
Comestibles
 c - 4 rations


   Skills:
 - Level 1.0 Fighting
 - Level 2.0 Dodging
 + Level 5.1 Unarmed Combat
 - Level 2.0 Spellcasting
 + Level 3.2 Transmutations


You had one spell level left.
You knew the following spells:

 Your Spells              Type           Power        Failure   Level  Hunger
a - Beastly Appendage     Tmut           ##....       6%          1    #......
b - Sticks to Snakes      Tmut           ##......     9%          2    ###....
c - Ice Form              Ice/Tmut       #.......     75%         4    #####..


Dungeon Overview and Level Annotations

Branches:
Dungeon (3/15)

Altars:
Kikubaaqudgha


Innate Abilities, Weirdness & Mutations

You cannot wear most types of armour.
You are very stealthy in the water. (Stealth+)
You are amphibious.
You can wear up to eight rings at the same time.
You can use your tentacles to constrict eight enemies at once.
Your skin changes colour to match your surroundings (Stealth+).
Your rubbery body absorbs attacks. (AC +1, EV +1)
One of your tentacles bears a large vicious spike.


Message History

You tentacle-slap Robin.
Robin is moderately wounded.
You constrict Robin.
Robin roars a battlecry!
The goblin goes into a battle-frenzy!
The goblin hits you but does no damage.
You tentacle-slap Robin.
You pierce Robin.
Robin is almost dead.
You constrict Robin, but do no damage.
Robin hits you with a falchion of holy wrath.
You tentacle-slap Robin. You squeeze Robin, but do no damage.
Robin is almost dead.
You constrict Robin.
You kill Robin!
The goblin closely misses you.
You closely miss the goblin. Your grab misses the goblin.
Your tentacle spike misses the goblin.
The goblin hits you with a club!
* * * LOW HITPOINT WARNING * * *
The goblin hits you with a club.
You die...

...##.......# ...# ...
.#.###......######...##### #..
.#...#.....................####..
####.#.##.....................#..
.#...#.##.....................<..
.#.###.#..#.####)#...#.###.......
...# #.#.##.# #)#...# # ####....
#.####.#.##.# #g#.g.# ##...
#...........# #@#..g# ##..
########.#### #g#...# #.. #.#
#....g. #.. ######.# ..#..... #.#
#......# ..... .. ###.###### ...#
## ....# .... ##### .....


You could see 2 goblins.

Vanquished Creatures
  Robin (D:3)
  4 adders
  An ooze (D:2)
  A worm (D:2)
  6 dart slugs
  A leopard gecko (D:2)
  3 giant cockroaches
  13 goblins
  10 hobgoblins
  A ball python (D:2)
  3 bats
  6 frilled lizards
  10 kobolds
  10 rats
70 creatures vanquished.

Notes
Turn   | Place    | Note
-------+----------+-------------------------------------------
     0 | D:1      | ryw the Octopode Transmuter began the quest for the Orb.
     0 | D:1      | Reached XP level 1. HP: 13/13 MP: 3/3
     2 | D:1      | Noticed a vampire
     2 | D:1      | Noticed a tengu
     4 | D:1      | Noticed a demonspawn
     6 | D:1      | Noticed a felid
     8 | D:1      | Noticed a draconian
     8 | D:1      | Noticed an octopode
    10 | D:1      | Noticed a formicid
    10 | D:1      | Noticed a ghoul
    12 | D:1      | Noticed a halfling
    12 | D:1      | Noticed a dwarf
    14 | D:1      | Noticed a minotaur
    16 | D:1      | Noticed a gargoyle
    16 | D:1      | Noticed a human
    18 | D:1      | Noticed a demigod
    18 | D:1      | Noticed a merfolk
    20 | D:1      | Noticed a centaur
    20 | D:1      | Noticed a troll
    22 | D:1      | Noticed an elf
    22 | D:1      | Noticed a spriggan
    24 | D:1      | Noticed a naga
    24 | D:1      | Noticed a vine stalker
    26 | D:1      | Noticed an ogre
   512 | D:1      | Reached XP level 2. HP: 15/18 MP: 1/5
   829 | D:1      | Reached skill level 4 in Unarmed Combat
   873 | D:1      | Reached XP level 3. HP: 22/23 MP: 4/6
  1105 | D:1      | Learned a level 2 spell: Sticks to Snakes
  1468 | D:2      | Reached XP level 4. HP: 21/28 MP: 5/7
  2059 | D:2      | Learned a level 4 spell: Ice Form
  2080 | D:2      | Found an ancient bone altar of Kikubaaqudgha.
  2183 | D:2      | Noticed a phantom
  2631 | D:3      | Noticed Robin
  2776 | D:3      | Reached skill level 5 in Unarmed Combat
  2776 | D:3      | Reached XP level 5. HP: 25/33 MP: 6/8
  3332 | D:3      | Killed Robin
  3333 | D:3      | Slain by a goblin

Vault maps used:
D:1:      kb_arrival_jail
D:2:      kiku_gazebo_garden_becter
D:3:      marbit_many_paths, first_ration, st_stairs_10, elyvilon_altar_5,
          uniq_robin

Skill      XL: |  1  2  3  4 |
---------------+-------------+-----
Unarmed Combat | 4 5 |  5.1
Transmutations | 3 |  3.2
Fighting       | |  1.0
Dodging        | |  2.0
Spellcasting   | |  2.0

Action                   |  1- 3 |  4- 6 || total
-------------------------+-------+-------++-------
Melee: Unarmed           |    66 |    83 ||   149
       Constrict         |    20 |    23 ||    43
       Tentacles         |     8 |    10 ||    18
       Kick              |     8 |    17 ||    25
       Punch             |     3 |     3 ||     6
Throw: Stone             |    16 |    17 ||    33
 Cast: Beastly Appendage |    19 |    23 ||    42
 Stab: Sleeping          |     4 |     3 ||     7
  Eat: Chunk             |     2 |     6 ||     8
Armor: Skin              |     8 |     5 ||    13
Dodge: Dodged            |    38 |    44 ||    82

Table legend:
 A = Spawn XP
 B = Non-spawn XP
 C = Spawn XP percentage of total XP
 D = Spawn monster count
 E = Non-spawn monster count
 F = Spawn count percentage of total count
 G = Total turns spent on level
                    A         B        C        D         E        F      G
               +---------+---------+-------+---------+---------+-------+---------
         Total |       0 |     194 |   0.0 |       0 |      70 |   0.0 |  3333
               +---------+---------+-------+---------+---------+-------+---------
           D:1 |       0 |      53 |   0.0 |       0 |      28 |   0.0 |  1802
           D:2 |       0 |      79 |   0.0 |       0 |      20 |   0.0 |  1259
           D:3 |       0 |      62 |   0.0 |       0 |      22 |   0.0 |   272
               +---------+---------+-------+---------+---------+-------+---------
